| TOP OF THE 1ST |
|
Midland RockHounds batting - Pitching for Portland Sea Dogs : LHP Nick Barnes
|
|
Pitching: LHP Nick Barnes
|
|
|
Batting: RHB Chris Bohm
|
0-0: Foul Ball, location: 2F 0-1: Swinging Strike 0-2: Strikes out swinging
|
|
Batting: RHB Chris Prinzing
|
0-0: Ball 1-0: Swinging Strike 1-1: Swinging Strike 1-2: Strikes out swinging
|
|
Batting: RHB Matt Sherard
|
0-0: Ball 1-0: Ball 2-0: Ball 3-0: TRIPLE (Flyball, 89XD, EV 89.4 MPH)
|
|
Batting: RHB Andrew Nicol
|
0-0: Called Strike 0-1: Ball 1-1: Fly out, F4 (Popup, 3S, EV 80.6 MPH)
|
| Top of the 1st over - 0 runs, 1 hit, 0 errors, 1 left on base; Midland 0 - Portland 0 |
| BOTTOM OF THE 1ST |
|
Portland Sea Dogs batting - Pitching for Midland RockHounds : RHP Mike Staus
|
|
Pitching: RHP Mike Staus
|
|
|
Batting: RHB Sal Rivera
|
0-0: Ball 1-0: Ball 2-0: Ball 3-0: Called Strike 3-1: Swinging Strike 3-2: Strikes out swinging
|
|
Batting: RHB Travis Campbell
|
0-0: Called Strike 0-1: Swinging Strike 0-2: Ground out 4-3 (Groundball, 4, EV 85.0 MPH)
|
|
Batting: RHB Tony Nunez
|
0-0: Ball 1-0: Foul Ball, location: 2F 1-1: Foul Ball, location: 2F 1-2: Strikes out swinging
|
| Bottom of the 1st over - 0 runs, 0 hits, 0 errors, 0 left on base; Midland 0 - Portland 0 |
| TOP OF THE 2ND |
|
Midland RockHounds batting - Pitching for Portland Sea Dogs : LHP Nick Barnes
|
|
Batting: RHB Micah Roth
|
0-0: Ball 1-0: Foul Ball, location: 2F 1-1: Ball 2-1: Called Strike 2-2: Strikes out swinging
|
|
Batting: RHB Larry Clark
|
0-0: Called Strike 0-1: Swinging Strike 0-2: Ball 1-2: Strikes out swinging
|
|
Batting: LHB Tom Raupp
|
0-0: Foul Ball, location: 2F 0-1: Ball 1-1: Ball 2-1: Foul Ball, location: 2F 2-2: Foul Ball, location: 2F 2-2: Strikes out looking
|
| Top of the 2nd over - 0 runs, 0 hits, 0 errors, 0 left on base; Midland 0 - Portland 0 |
| BOTTOM OF THE 2ND |
|
Portland Sea Dogs batting - Pitching for Midland RockHounds : RHP Mike Staus
|
|
Batting: RHB Ernie Genier
|
0-0: Called Strike 0-1: Foul Ball, location: 2F 0-2: Ball 1-2: Fly out, F9 (Flyball, 9S, EV 91.9 MPH)
|
|
Batting: RHB Alex Melendez
|
0-0: DOUBLE (Line Drive, 78D, EV 110.6 MPH)
|
|
Batting: LHB Keith Rice
|
0-0: Fly out, F5 (Line Drive, 5, EV 75.6 MPH)
|
|
Batting: RHB Miguel Villanueva
|
0-0: Ground out U3 (Groundball, 34, EV 86.2 MPH)
|
| Bottom of the 2nd over - 0 runs, 1 hit, 0 errors, 1 left on base; Midland 0 - Portland 0 |
| TOP OF THE 3RD |
|
Midland RockHounds batting - Pitching for Portland Sea Dogs : LHP Nick Barnes
|
|
Batting: RHB Gojko Golob
|
0-0: Ball 1-0: Ball 2-0: Foul Ball, location: 2F 2-1: DOUBLE (Line Drive, 3D, EV 96.9 MPH)
|
|
Batting: LHB Robert Wilkins
|
0-0: Ball Wild Pitch! Gojko Golob to third 1-0: Foul Ball, location: 2F 1-1: Swinging Strike 1-2: Strikes out swinging
|
|
Batting: RHB Chris Bohm
|
0-0: Ball Passed Ball! Gojko Golob scores 1-0: SOLO HOME RUN (Flyball, 7LD, EV 93.8 MPH), Distance : 343 ft
|
|
Batting: RHB Chris Prinzing
|
0-0: Foul Ball, location: 2F 0-1: Ball 1-1: Ball 2-1: Swinging Strike 2-2: Ball 3-2: Foul Ball, location: 2F 3-2: Base on Balls
|
|
Batting: RHB Matt Sherard
|
0-0: Called Strike 0-1: Ball 1-1: Called Strike Chris Prinzing is caught stealing 2nd base 2-4 1-2: Foul Ball, location: 2F 1-2: Ball 2-2: Foul Ball, location: 2F 2-2: Foul Ball, location: 2F 2-2: Ball 3-2: Base on Balls
|
|
Batting: RHB Andrew Nicol
|
0-0: Called Strike 0-1: Swinging Strike 0-2: Strikes out swinging
|
| Top of the 3rd over - 2 runs, 2 hits, 0 errors, 1 left on base; Midland 2 - Portland 0 |
| BOTTOM OF THE 3RD |
|
Portland Sea Dogs batting - Pitching for Midland RockHounds : RHP Mike Staus
|
|
Batting: RHB Frank Sokolosky
|
0-0: Ball 1-0: Ball 2-0: Ground out 4-3 (Groundball, 4, EV 104.4 MPH)
|
|
Batting: RHB Zi-jing Wang
|
0-0: Ball 1-0: Called Strike 1-1: Foul Ball, location: 2F 1-2: Ball 2-2: Foul Ball, location: 2F 2-2: Foul Ball, location: 2F 2-2: Foul Ball, location: 2F 2-2: Ball 3-2: Foul Ball, location: 2F 3-2: Strikes out swinging
|
|
Batting: RHB Sal Rivera
|
0-0: Called Strike 0-1: Ball 1-1: Ball 2-1: Foul Ball, location: 2F 2-2: Ball 3-2: Ground out 5-3 (Groundball, 5S, EV 67.5 MPH)
|
| Bottom of the 3rd over - 0 runs, 0 hits, 0 errors, 0 left on base; Midland 2 - Portland 0 |
| TOP OF THE 4TH |
|
Midland RockHounds batting - Pitching for Portland Sea Dogs : LHP Nick Barnes
|
|
Batting: RHB Micah Roth
|
0-0: Ball 1-0: Foul Ball, location: 2F 1-1: Fly out, F9 (Flyball, 9LSF, EV 91.2 MPH)
|
|
Batting: RHB Larry Clark
|
0-0: Ball 1-0: Ball 2-0: Fly out, F8 (Line Drive, 8RM, EV 93.1 MPH)
|
|
Batting: LHB Tom Raupp
|
0-0: Ball 1-0: Swinging Strike 1-1: Ball 2-1: Ground out 3-1 (Groundball, 34S, EV 70.6 MPH)
|
| Top of the 4th over - 0 runs, 0 hits, 0 errors, 0 left on base; Midland 2 - Portland 0 |
| BOTTOM OF THE 4TH |
|
Portland Sea Dogs batting - Pitching for Midland RockHounds : RHP Mike Staus
|
|
Batting: RHB Travis Campbell
|
0-0: Foul Ball, location: 2F 0-1: Ball 1-1: Called Strike 1-2: SINGLE (Groundball, 56D, EV 103.8 MPH)
|
|
Batting: RHB Tony Nunez
|
0-0: Called Strike Travis Campbell is caught stealing 2nd base 2-4 0-1: Called Strike 0-2: Ground out 5-3 (Groundball, 56, EV 101.9 MPH)
|
|
Batting: RHB Ernie Genier
|
0-0: Ball 1-0: Ball 2-0: Called Strike 2-1: Reached on error, E7 (Flyball, 7LM, EV 86.2 MPH)
|
|
Batting: RHB Alex Melendez
|
0-0: Ball 1-0: Ball 2-0: Called Strike 2-1: Swinging Strike 2-2: Ball 3-2: Foul Ball, location: 2F 3-2: Foul Ball, location: 2F 3-2: Base on Balls
|
|
Batting: LHB Keith Rice
|
0-0: Called Strike 0-1: Ball 1-1: Called Strike 1-2: Foul Ball, location: 2F 1-2: Ball 2-2: Fly out, F6 (Line Drive, 4M, EV 65.6 MPH)
|
| Bottom of the 4th over - 0 runs, 1 hit, 1 error, 2 left on base; Midland 2 - Portland 0 |
| TOP OF THE 5TH |
|
Midland RockHounds batting - Pitching for Portland Sea Dogs : LHP Nick Barnes
|
|
Batting: RHB Gojko Golob
|
0-0: Swinging Strike 0-1: Ground out 4-3 (Groundball, 6M, EV 107.5 MPH)
|
|
Batting: LHB Robert Wilkins
|
0-0: Ball 1-0: Foul Ball, location: 2F 1-1: Fly out, F9 (Flyball, 9S, EV 72.5 MPH)
|
|
Batting: RHB Chris Bohm
|
0-0: Ball 1-0: Called Strike 1-1: Called Strike 1-2: Fly out, F4 (Popup, 4M, EV 56.2 MPH)
|
| Top of the 5th over - 0 runs, 0 hits, 0 errors, 0 left on base; Midland 2 - Portland 0 |
| BOTTOM OF THE 5TH |
|
Portland Sea Dogs batting - Pitching for Midland RockHounds : RHP Mike Staus
|
|
Batting: RHB Miguel Villanueva
|
0-0: Called Strike 0-1: Ball 1-1: Called Strike 1-2: Strikes out swinging
|
|
Batting: RHB Frank Sokolosky
|
0-0: Ball 1-0: SINGLE (Groundball, 6MD, EV 103.1 MPH)
|
|
Batting: RHB Zi-jing Wang
|
0-0: Ball 1-0: Ball 2-0: Ball 3-0: Called Strike 3-1: Foul Ball, location: 2F 3-2: Foul Ball, location: 2F 3-2: Strikes out swinging
|
|
Batting: RHB Sal Rivera
|
0-0: Ball 1-0: Ball 2-0: Ball 3-0: Base on Balls Frank Sokolosky to second
|
|
Batting: RHB Travis Campbell
|
0-0: Called Strike 0-1: Ball 1-1: Ground out 5-3 (Groundball, 5S, EV 76.9 MPH)
|
| Bottom of the 5th over - 0 runs, 1 hit, 0 errors, 2 left on base; Midland 2 - Portland 0 |
| TOP OF THE 6TH |
|
Midland RockHounds batting - Pitching for Portland Sea Dogs : LHP Nick Barnes
|
|
Batting: RHB Chris Prinzing
|
0-0: Ball 1-0: Called Strike 1-1: Called Strike 1-2: Foul Ball, location: 2F 1-2: Strikes out swinging
|
|
Batting: RHB Matt Sherard
|
0-0: Called Strike 0-1: Fly out, F9 (Line Drive, 9S, EV 89.4 MPH)
|
|
Batting: RHB Andrew Nicol
|
0-0: Called Strike 0-1: DOUBLE (Groundball, 5L, EV 105.0 MPH)
|
|
Batting: RHB Micah Roth
|
0-0: Ball 1-0: Ball 2-0: Foul Ball, location: 2F 2-1: Ground out 5-3 (Groundball, 5, EV 88.8 MPH)
|
| Top of the 6th over - 0 runs, 1 hit, 0 errors, 1 left on base; Midland 2 - Portland 0 |
| BOTTOM OF THE 6TH |
|
Portland Sea Dogs batting - Pitching for Midland RockHounds : RHP Mike Staus
|
|
Batting: RHB Tony Nunez
|
0-0: Ball 1-0: Ball 2-0: Ball 3-0: Called Strike 3-1: Foul Ball, location: 2F 3-2: Base on Balls
|
|
Batting: RHB Ernie Genier
|
0-0: Swinging Strike 0-1: SINGLE (Line Drive, 4MD, EV 95.6 MPH) Tony Nunez to second
|
|
Batting: RHB Alex Melendez
|
0-0: Called Strike 0-1: Ball 1-1: Ball 2-1: Ball 3-1: Base on Balls Tony Nunez to third Ernie Genier to second
|
|
Pitching: LHP Alex Villagran
|
|
|
Pinch Hitting: RHB Mike Cavagnaro
|
0-0: SINGLE (Groundball, 6MD, EV 101.2 MPH) Tony Nunez scores Ernie Genier to third Alex Melendez to second
|
|
Batting: RHB Miguel Villanueva
|
0-0: Grounds into double play, 3-2-3 (Groundball, 34S, EV 86.9 MPH) Alex Melendez to third Mike Cavagnaro to second
|
|
Batting: RHB Frank Sokolosky
|
0-0: Ground out 4-3 (Groundball, 4, EV 81.9 MPH)
|
| Bottom of the 6th over - 1 run, 2 hits, 0 errors, 2 left on base; Midland 2 - Portland 1 |
| TOP OF THE 7TH |
|
Midland RockHounds batting - Pitching for Portland Sea Dogs : LHP Nick Barnes
|
|
Pitching: RHP Joseph Anderson
|
|
|
Now at 1B: Parker Lowe
|
|
|
Batting: RHB Larry Clark
|
0-0: Foul Ball, location: 2F 0-1: SINGLE (Groundball, 4MD, EV 98.1 MPH)
|
|
Pitching: LHP David Schultz
|
|
|
Batting: RHB Sean Gould
|
0-0: Called Strike 0-1: Swinging Strike 0-2: Fly out, F9 (Flyball, 89M, EV 90.6 MPH)
|
|
Batting: RHB Gojko Golob
|
0-0: Ball 1-0: Ball 2-0: Ball 3-0: Base on Balls Larry Clark to second
|
|
Batting: LHB Robert Wilkins
|
0-0: SINGLE (Groundball, 34, EV 104.4 MPH) (infield hit) Larry Clark to third Gojko Golob to second
|
|
Batting: RHB Chris Bohm
|
0-0: Ball 1-0: Ball 2-0: Ball 3-0: Called Strike 3-1: Swinging Strike 3-2: Foul Ball, location: 2F 3-2: Foul Ball, location: 2F 3-2: Foul Ball, location: 2F 3-2: Foul Ball, location: 2F 3-2: Base on Balls Larry Clark scores Gojko Golob to third Robert Wilkins to second
|
|
Batting: RHB Chris Prinzing
|
0-0: Ball 1-0: DOUBLE (Line Drive, 5D, EV 105.0 MPH) Gojko Golob scores Robert Wilkins scores Chris Bohm to third Runner from 3rd tries for Home, SAFE, no throw by LF
|
|
Pitching: RHP Chris Cory
|
|
|
Batting: RHB Matt Sherard
|
0-0: Ball 1-0: Called Strike 1-1: Foul Ball, location: 2F 1-2: Ball 2-2: SINGLE (Line Drive, 6M, EV 96.9 MPH) Chris Prinzing to third
|
|
Batting: RHB Andrew Nicol
|
0-0: Ball 1-0: Ball 2-0: Called Strike 2-1: Ground out 6-3 (Groundball, 4MS, EV 61.9 MPH) Chris Prinzing scores Matt Sherard to second
|
|
Batting: RHB Micah Roth
|
0-0: Ball 1-0: Ball 2-0: DOUBLE (Line Drive, 9LM, EV 110.0 MPH) Matt Sherard scores
|
|
Batting: RHB Larry Clark
|
0-0: Called Strike 0-1: Called Strike 0-2: Strikes out swinging
|
| Top of the 7th over - 6 runs, 5 hits, 0 errors, 1 left on base; Midland 8 - Portland 1 |
| BOTTOM OF THE 7TH |
|
Portland Sea Dogs batting - Pitching for Midland RockHounds : LHP Alex Villagran
|
|
Pinch Hitting: LHB Sergio Tinoco
|
0-0: Fly out, F7 (Flyball, 7LM, EV 110.0 MPH)
|
|
Batting: RHB Sal Rivera
|
0-0: Foul Ball, location: 2F 0-1: Called Strike 0-2: Foul Ball, location: 2F 0-2: Ball 1-2: Ball 2-2: Foul Ball, location: 2F 2-2: Foul Ball, location: 2F 2-2: Foul Ball, location: 2F 2-2: Foul Ball, location: 2F 2-2: Strikes out swinging
|
|
Batting: RHB Travis Campbell
|
0-0: Ball 1-0: Ball 2-0: Called Strike 2-1: Called Strike 2-2: Ground out 6-3 (Groundball, 6D, EV 85.6 MPH)
|
| Bottom of the 7th over - 0 runs, 0 hits, 0 errors, 0 left on base; Midland 8 - Portland 1 |
| TOP OF THE 8TH |
|
Midland RockHounds batting - Pitching for Portland Sea Dogs : RHP Chris Cory
|
|
Now in LF: Sergio Tinoco
|
|
|
Now in CF: Miguel Villanueva
|
|
|
Now in RF: Sal Rivera
|
|
|
Batting: RHB Sean Gould
|
0-0: Called Strike 0-1: Ball 1-1: Ball 2-1: Foul Ball, location: 2F 2-2: Ball 3-2: Strikes out looking
|
|
Batting: RHB Gojko Golob
|
0-0: Ball 1-0: Ground out 5-3 (Groundball, 5S, EV 91.2 MPH)
|
|
Pinch Hitting: LHB Jose Mojica
|
0-0: Ball 1-0: Ground out 4-3 (Groundball, 4, EV 99.4 MPH)
|
| Top of the 8th over - 0 runs, 0 hits, 0 errors, 0 left on base; Midland 8 - Portland 1 |
| BOTTOM OF THE 8TH |
|
Portland Sea Dogs batting - Pitching for Midland RockHounds : LHP Alex Villagran
|
|
Now at 3B: Jose Mojica
|
|
|
Pinch Hitting: LHB Aaron Brannon
|
0-0: Ball 1-0: Fly out, F7 (Flyball, 7, EV 81.9 MPH)
|
|
Batting: RHB Ernie Genier
|
0-0: Ball 1-0: Ball 2-0: Called Strike 2-1: Ground out U3 (Groundball, 13, EV 84.4 MPH)
|
|
Batting: RHB Alex Melendez
|
0-0: Ball 1-0: Ball 2-0: Fly out, F8 (Flyball, 8LM, EV 73.1 MPH)
|
| Bottom of the 8th over - 0 runs, 0 hits, 0 errors, 0 left on base; Midland 8 - Portland 1 |
| TOP OF THE 9TH |
|
Midland RockHounds batting - Pitching for Portland Sea Dogs : RHP Chris Cory
|
|
Now at 2B: Aaron Brannon
|
|
|
Batting: RHB Chris Bohm
|
0-0: Ball 1-0: Ball 2-0: Ground out 5-3 (Groundball, 56, EV 87.5 MPH)
|
|
Batting: RHB Chris Prinzing
|
0-0: Called Strike 0-1: Ball 1-1: Ball 2-1: Foul Ball, location: 2F 2-2: Ground out U3 (Groundball, 34S, EV 91.9 MPH)
|
|
Batting: RHB Matt Sherard
|
0-0: Swinging Strike 0-1: Swinging Strike 0-2: Ball 1-2: Ball 2-2: Foul Ball, location: 2F 2-2: Ground out 5-3 (Groundball, 5S, EV 73.8 MPH)
|
| Top of the 9th over - 0 runs, 0 hits, 0 errors, 0 left on base; Midland 8 - Portland 1 |
| BOTTOM OF THE 9TH |
|
Portland Sea Dogs batting - Pitching for Midland RockHounds : LHP Alex Villagran
|
|
Pinch Hitting: RHB Pat Bulger
|
0-0: Ball 1-0: Called Strike 1-1: Ground out 6-3 (Groundball, 56, EV 103.8 MPH)
|
|
Batting: RHB Miguel Villanueva
|
0-0: Ball 1-0: Fly out, F7 (Line Drive, 7LM, EV 87.5 MPH)
|
|
Batting: RHB Frank Sokolosky
|
0-0: Ball 1-0: Ball 2-0: Ball 3-0: Called Strike 3-1: Ground out 4-3 (Groundball, 34, EV 88.1 MPH)
|
| Bottom of the 9th over - 0 runs, 0 hits, 0 errors, 0 left on base; Midland 8 - Portland 1 |
|